 Dungeon Crawl Stone Soup version 0.30-a0-715-gdb4ae3e (webtiles) character file.

Game seed: 14441210478023996444

2768 malesh the Thaumaturge (level 10, -17/65 HPs)
             Began as a Djinni Hedge Wizard on Jan 24, 2023.
             Was an Initiate of Makhleb.
             Demolished by a two-headed ogre
             ... wielding a +0 giant club
              (20 damage)
             ... on level 8 of the Dungeon.
             The game lasted 00:28:23 (5896 turns).

malesh the Thaumaturge (Djinni Hedge Wizard)        Turns: 5896, Time: 00:28:24

Health: -17/65     AC:  5    Str:  9    XL:     10   Next: 1%
Gold:   500        EV: 13    Int: 23    God:    Makhleb [......] SH:  0 Dex: 13

rFire   + + +      SeeInvis .    a - +3 dagger
rCold   x . .      Faith    .    (no shield)
rNeg    . . .      Spirit   .    b - +0 robe
rPois   ∞          Reflect  .    v - +1 helmet {Int+3}
rElec   .          Harm     .    (no cloak)
rCorr   +          Rampage  .    A - +0 pair of gloves
Will    +....                    (boots unavailable)
Stlth   ++                       i - amulet of regeneration
HPRegen 1.10/turn                e - ring of resist corrosion
MPRegen 0.00/turn                s - ring of protection from fire

@: flying
A: sickness immunity, fire resistance 2, cold vulnerability 1, float, innate
caster, HP casting, extra vitality 1
a: Renounce Religion


You were on level 8 of the Dungeon.
You worshipped Makhleb.
Makhleb was noncommittal.
You visited 2 branches of the dungeon, and saw 9 of its levels.

You collected 500 gold pieces.

Inventory:

Hand Weapons
 a - a +3 dagger (weapon)
 o - the +8 demon blade "Leech" {evervamp, Harm Drain rN+}
   (You took it off a hobgoblin on level 2 of the Dungeon)

   rN:        It protects you from negative energy.
   Drain:     It drains your maximum health when unequipped.
   Harm:      It increases damage dealt and taken.
 I - a +1 dagger of flaming
Missiles
 D - a throwing net
Armour
 b - a +0 robe (worn)
 v - a +1 helmet of intelligence (worn)
 y - a scarf of harm
 A - a +0 pair of gloves (worn)
Jewellery
 e - a ring of resist corrosion (left hand)
 i - an amulet of regeneration (around neck)
 p - a ring of see invisible
 s - a ring of protection from fire (right hand)
Wands
 c - a wand of iceblast (12)
 B - a wand of flame (23)
 H - a wand of digging (6)
Scrolls
 f - a scroll of poison {unknown}
 k - a scroll of fog {unknown}
 m - 4 scrolls of teleportation
 n - 3 scrolls of immolation
 t - 2 scrolls of magic mapping
 u - a scroll of enchant armour {unknown}
 C - a scroll of vulnerability {unknown}
 G - a scroll of amnesia {unknown}
 J - a scroll of identify
Potions
 d - 2 potions of magic
 g - a potion of haste {unknown}
 h - a potion of brilliance {unknown}
 j - a potion of cancellation {unknown}
 l - a potion of invisibility {unknown}
 q - 4 potions of curing
 r - 2 potions of berserk rage
 w - 2 potions of ambrosia
 x - a potion of heal wounds {unknown}
 z - a potion of flight {unknown}
 E - a potion of lignification {unknown}
 F - a potion of mutation {unknown}


   Skills:
 + Level 2.3 Fighting
 + Level 5.0 Dodging
 - Level 3.1 Stealth
 + Level 9.3 Spellcasting


You had 9 spell levels left.
You knew the following spells:

 Your Spells              Type           Power      Damage    Failure   Level
a - Magic Dart            Conj           100%       1d8       1%          1
b - Slow                  Hex            100%       N/A       1%          1
c - Blink                 Tloc           100%       N/A       1%          2
d - Call Imp              Summ           52%        N/A       1%          2
e - Mephitic Cloud        Conj/Pois/Air  52%        N/A       1%          3
f - Foxfire               Conj/Fire      100%       2x1d9     1%          1
g - Searing Ray           Conj           100%       2d8       1%          2
h - Static Discharge      Conj/Air       100%       2-7/arc   1%          2
i - Airstrike             Air            26%        2d(4-20)  1%          4
Your spell library was empty.

Dungeon Overview and Level Annotations

Branches:
Dungeon (8/15)             Temple (1/1) D:7
   Lair: D:8-11

Altars:
Ashenzari
Elyvilon
Fedhas
Gozag
Hepliaklqana
Makhleb
Nemelex Xobeh
Okawaru
Qazlal
Ru
Trog
Uskayaw
Wu Jian
Xom
Yredelemnul
Zin
The Shining One

Annotations:
D:5 3 runed translucent doors, Kave's ghost, novice TrTm


Innate Abilities, Weirdness & Mutations

You are immune to sickness and miasma.
You are immune to poison.
Your flesh is very heat resistant. (rF++)
You are vulnerable to cold. (rC-)
You float through the air rather than walking.
You learn spells naturally, not from books.
Your magical power is your life essence.
You have superior vitality. (+4 MHP)


Message History

Your crimson imp hits the two-headed ogre.
Casting: Magic Dart (safe; 1% risk of failure)
Confirm with . or Enter, or press ? or * to list all spells.
Okay, then.
Unknown command.
Casting: Magic Dart (safe; 1% risk of failure)
Confirm with . or Enter, or press ? or * to list all spells.
You conjure some foxfire!
Your crimson imp blinks!
The foxfire hits the two-headed ogre!
The two-headed ogre is lightly wounded.
The foxfire hits the two-headed ogre!
The two-headed ogre is moderately wounded.
A kobold comes into view. It is wielding a +0 dagger.
The kobold throws a poisoned dart.
The poisoned dart barely misses you.
Casting: Foxfire (safe; 1% risk of failure)
Confirm with . or Enter, or press ? or * to list all spells.
You conjure some foxfire!
The two-headed ogre is engulfed in noxious fumes.
The foxfire hits the two-headed ogre.
The two-headed ogre is moderately wounded.
The foxfire hits the two-headed ogre.
The two-headed ogre is heavily wounded.
Something barely misses the kobold.
Your crimson imp blinks!
Casting: Foxfire (safe; 1% risk of failure)
Confirm with . or Enter, or press ? or * to list all spells.
You conjure some foxfire!
The foxfire hits the two-headed ogre.
The two-headed ogre is heavily wounded.
The foxfire hits the kobold.
The kobold is severely wounded.
The two-headed ogre hits you with a +0 giant club!!
The two-headed ogre hits you with a +0 giant club.
The kobold throws a poisoned dart.
The poisoned dart barely misses you.
The kobold throws a poisoned dart.
The poisoned dart hits you!
The two-headed ogre hits you with a +0 giant club!!
* * * LOW HITPOINT WARNING * * *
The two-headed ogre hits you with a +0 giant club!!
You die...

#.....
..... ....
...## ...#
# ##..#
#.#...#
.##....@#
......O.#
##.##....#
#..KK.#
)5.○.K##
........
......###..
)....# .>
..... ...


You could see a two-headed ogre (confused, ally target), 3 kobolds and a
friendly crimson imp (summoned).

Vanquished Creatures
  Grinder (D:3)
  3 wyverns
  A steam dragon (D:4)
  A water moccasin (D:7)
  Duvessa (D:7)
  A black bear (D:5)
  2 ogres (D:5)
  A phantom (D:4)
  2 bullfrogs (D:6)
  2 necrophages (D:6)
  2 scorpions
  Dowan (D:7)
  A howler monkey (D:5)
  2 gnoll boudas
  An orc priest (D:7)
  4 hounds
  2 iguanas (D:5)
  5 orc wizards
  7 gnolls
  5 adders
  An ufetubus (D:7)
  A worm (D:2)
  3 dart slugs
  18 orcs
  2 ball pythons
  9 endoplasms
  A giant cockroach (D:4)
  6 goblins
  A hobgoblin (D:2)
  2 kobolds
  3 quokkas
  6 bats
  6 frilled lizards
  4 rats
108 creatures vanquished.

Vanquished Creatures (collateral kills)
  A wraith (D:6)
  An ogre (D:2)
  2 bullfrogs
  An iguana (D:5)
  An orc wizard (D:7)
  3 worms (D:2)
  2 orcs (D:7)
  A ball python (D:2)
  A hobgoblin (D:4)
  A jackal (D:2)
  A kobold (D:2)
15 creatures vanquished.

Vanquished Creatures (others)
  A kobold (D:1)
  56 foxfires
57 creatures vanquished.

Grand Total: 180 creatures vanquished

Notes
Turn   | Place    | Note
-------+----------+-------------------------------------------
     0 | D:1      | malesh the Djinni Hedge Wizard began the quest for the Orb.
     0 | D:1      | malesh set off with the following spells memorised: Magic
                  | Dart, Slow, Blink, Call Imp, Mephitic Cloud.
     0 | D:1      | Reached XP level 1. HP: 15/15 MP: 0/0
   230 | D:1      | Found a faded altar of an unknown god.
   385 | D:1      | Reached XP level 2. HP: 10/21 MP: 0/0
  1189 | D:2      | Reached XP level 3. HP: 25/25 MP: 0/0
  1189 | D:2      | Learned a level 1 spell: Foxfire
  1196 | D:2      | Reached skill level 3 in Spellcasting
  1385 | D:2      | Noticed an ogre
  1405 | D:2      | Killed an ogre
  1406 | D:2      | Reached XP level 4. HP: 31/31 MP: 0/0
  1406 | D:2      | Reached XP level 5. HP: 35/35 MP: 0/0
  1406 | D:2      | Learned a level 2 spell: Searing Ray
  1887 | D:3      | Reached skill level 4 in Spellcasting
  1910 | D:3      | Found a hazy altar of Hepliaklqana.
  1939 | D:3      | Found an ornate altar of the Wu Jian Council.
  1943 | D:3      | Found a glowing silver altar of Zin.
  2079 | D:3      | Found a basalt altar of Yredelemnul.
  2324 | D:3      | Noticed a bullfrog
  2329 | D:3      | Killed a bullfrog
  2330 | D:3      | Reached XP level 6. HP: 27/40 MP: 0/0
  2519 | D:3      | Found a stormy altar of Qazlal.
  2536 | D:3      | Noticed Grinder
  2551 | D:3      | Killed Grinder
  2552 | D:3      | Reached skill level 5 in Spellcasting
  2552 | D:3      | Reached XP level 7. HP: 46/46 MP: 0/0
  2552 | D:3      | Learned a level 2 spell: Static Discharge
  3068 | D:4      | Noticed a steam dragon
  3079 | D:4      | Killed a steam dragon
  3080 | D:4      | Reached skill level 1 in Fighting
  3319 | D:5      | Entered Level 5 of the Dungeon
  3319 | D:5      | Found a runed translucent gate.
  3320 | D:5      | Found a runed translucent gate.
  3329 | D:5      | Reached skill level 6 in Spellcasting
  3329 | D:5      | Reached XP level 8. HP: 52/52 MP: 0/0
  3334 | D:5      | Found a runed translucent gate.
  3337 | D:5      | Noticed Kave's ghost (novice TrTm)
  3338 | D:5      | Identified the +6 chain mail of the Playwright {Str+3
                  | Dex+2}
  3855 | D:6      | Noticed a wraith
  3856 | D:6      | Found a white marble altar of Elyvilon.
  3869 | D:6      | Reached skill level 7 in Spellcasting
  3902 | D:6      | Killed a wraith
  3952 | D:6      | Reached XP level 9. HP: 57/58 MP: 0/0
  3952 | D:6      | Learned a level 4 spell: Airstrike
  4350 | D:6      | Reached skill level 8 in Spellcasting
  5240 | D:7      | Noticed Duvessa
  5255 | D:7      | Noticed Dowan
  5258 | D:7      | Killed Duvessa
  5262 | D:7      | Killed Dowan
  5451 | D:7      | Found a staircase to the Ecumenical Temple.
  5516 | Temple   | Entered the Ecumenical Temple
  5780 | Temple   | Became a worshipper of Makhleb the Destroyer
  5867 | D:8      | Reached skill level 9 in Spellcasting
  5880 | D:8      | Noticed a two-headed ogre
  5881 | D:8      | Reached skill level 5 in Dodging
  5881 | D:8      | Reached XP level 10. HP: 65/65 MP: 0/0
  5896 | D:8      | HP: 3/65 [two-headed ogre/+0 giant club (22)]
  5896 | D:8      | Demolished by a two-headed ogre

Illustrated notes

Levels and vault maps discovered:
D:1:      minmay_arrival_nine_rooms, layout_basic,
          chequers_ecumenical_altar_simple, minmay_misc_feat_ornament,
          lemuel_flame_loot_1
D:2:      layout_loops_ring
D:3:      kennysheep_six_static_rooms, layout_basic,
          nicolae_overflow_hidden_temple, mainiacjoe_overflow_six_doors_small,
          grunt_temple_overflow_open, mainiacjoe_overflow_tiny_flanked,
          uniq_grinder
D:4:      layout_rooms, kennysheep_doodads
D:5:      layout_rooms, biasface_ghost_orc_armoury
D:6:      layout_loops_ring, lemuel_doored_altar, kennysheep_little_box
D:7:      layout_loops_ring, temple_hall, uniq_duvessa
D:8:      layout_cave_pools, kennysheep_slug_shrine, serial_gnoll_camp,
          gnoll_camp_mini_doghouse, gnoll_camp_mini_hut,
          gnoll_camp_mini_sergeant, gnoll_camp_mini_hut, gnoll_camp_mini_house,
          nicolae_shop_sticking_my_neck_out, uniq_gastronok
Temple:   compressed_dpeg_triangle_lava_temple

Skill      XL: |  1  2  3  4  5  6  7  8  9 |
---------------+----------------------------+-----
Spellcasting   | 3 4 5 6 7 9 |  9.3
Stealth        | 2 3 |  3.1
Dodging        | 3 4 5 |  5.0
Fighting       | 1 2 |  2.3

Action                     |  1- 3 |  4- 6 |  7- 9 | 10-12 || total
---------------------------+-------+-------+-------+-------++-------
  Melee: Dagger            |     5 |     1 |       |       ||     6
   Cast: Magic Dart        |    57 |    50 |   110 |     3 ||   220
         Call Imp          |     4 |     2 |    10 |     2 ||    18
         Slow              |     2 |     1 |       |       ||     3
         Foxfire           |     3 |     6 |    25 |     3 ||    37
         Mephitic Cloud    |     1 |       |     7 |     4 ||    12
         Blink             |     1 |       |       |       ||     1
         Searing Ray       |       |     2 |    19 |       ||    21
         Static Discharge  |       |       |    14 |       ||    14
         Airstrike         |       |       |     8 |       ||     8
    Use: Scroll            |       |       |     6 |       ||     6
   Stab: Sleeping          |     2 |       |       |       ||     2
 Armour: Robe              |     6 |       |    11 |       ||    17
  Dodge: Dodged            |     9 |     5 |    53 |     2 ||    69

Table legend: (Time is in decaauts)
 A = Elapsed time spent in this place.
 B = Non-inter-level travel time spent in this place.
 C = Inter-level travel time spent in this place.
 D = Time resting spent in this place.
 E = Time spent auto-exploring this place.
 F = Levels seen in this place.
 G = Mean time per level.
                   A        B        C        D        E       F      G
               +--------+--------+--------+--------+--------+-----+--------+
         Total |   5907 |   5579 |    328 |    168 |   4533 |   9 |  656.3 |
       Dungeon |   5627 |   5356 |    271 |    168 |   4323 |   8 |  703.4 |
        Temple |    280 |    223 |     57 |      0 |    210 |   1 |  280.0 |
               +--------+--------+--------+--------+--------+-----+--------+

Top non-repeatable levels by time:
     D:3: 1079 daAuts
     D:1: 989 daAuts
     D:6: 892 daAuts
     D:7: 864 daAuts
     D:2: 817 daAuts
     D:5: 514 daAuts
     D:4: 430 daAuts
  Temple: 280 daAuts
     D:8: 38 daAuts
